3AA
SALEM MISFITS @ YAKIMA HOPS
07/02/2034
 
TOP OF THE 1ST
Salem Misfits batting - Pitching for Yakima Hops : RHP Jeff Seawright
Pitching: RHP Jeff Seawright
Batting: SHB Soren Loen 0-0: SOLO HOME RUN (Line Drive, 9D), Distance : 351 ft
Batting: LHB Bill Gracián 0-0: Called Strike
0-1: Called Strike
0-2: Ball
1-2: Ball
2-2: Ball
3-2: Ground out 6-3 (Groundball, 6S)
Batting: RHB Mariano Saelices 0-0: Called Strike
0-1: Ground out 6-3 (Groundball, 6)
Batting: RHB Charles Basle 0-0: Ball
1-0: Foul Ball, location: 2F
1-1: Foul Ball, location: 2F
1-2: Ball
2-2: Ground out 5-3 (Groundball, 56S)
Top of the 1st over - 1 run, 1 hit, 0 errors, 0 left on base; Salem 1 - Yakima 0
BOTTOM OF THE 1ST
Yakima Hops batting - Pitching for Salem Misfits : LHP Ollie McDaniell
Pitching: LHP Ollie McDaniell
Batting: RHB Miracle Crimes 0-0: Ball
1-0: Called Strike
1-1: Ball
2-1: Ball
3-1: Fly out, F8 (Flyball, 8RM)
Batting: RHB Bob Houghton 0-0: Called Strike
0-1: Ball
1-1: Called Strike
1-2: Fly out, F8 (Flyball, 78D)
Batting: RHB Carlo Beedle 0-0: Foul Ball, location: 2F
0-1: Fly out, F9 (Flyball, 9LM)
Bottom of the 1st over - 0 runs, 0 hits, 0 errors, 0 left on base; Salem 1 - Yakima 0
TOP OF THE 2ND
Salem Misfits batting - Pitching for Yakima Hops : RHP Jeff Seawright
Batting: RHB Jean Couturier 0-0: Ball
1-0: Called Strike
1-1: Fly out, F5 (Popup, 56)
Batting: RHB Nelson Rivera 0-0: Swinging Strike
0-1: Fly out, F9 (Flyball, 89D)
Batting: RHB Damon Newbold 0-0: Called Strike
0-1: Called Strike
0-2: Ball
1-2: Ball
2-2: Ball
3-2: Fly out, F6 (Popup, 15)
Top of the 2nd over - 0 runs, 0 hits, 0 errors, 0 left on base; Salem 1 - Yakima 0
BOTTOM OF THE 2ND
Yakima Hops batting - Pitching for Salem Misfits : LHP Ollie McDaniell
Batting: LHB Gustavo Deleón 0-0: Ball
1-0: Ball
2-0: Ground out U3 (Groundball, 34)
Batting: RHB Vonne Navarrete 0-0: Ball
1-0: Fly out, F8 (Flyball, 8LM)
Batting: RHB Luis León 0-0: Called Strike
0-1: Called Strike
0-2: Foul Ball, location: 2F
0-2: Foul Ball, location: 2F
0-2: Foul Ball, location: 2F
0-2: Ball
1-2: Ball
2-2: SINGLE (Groundball, 34S) (infield hit)
Batting: LHB Wulf Paauwe 0-0: Called Strike
0-1: Foul Ball, location: 2F
0-2: SINGLE (Line Drive, 4M)
Luis León to second
Batting: RHB George Hubbard 0-0: Foul Ball, location: 2F
0-1: Called Strike
0-2: Ball
1-2: Ball
2-2: Foul Ball, location: 2F
2-2: Foul Ball, location: 2F
2-2: Strikes out swinging
Bottom of the 2nd over - 0 runs, 2 hits, 0 errors, 2 left on base; Salem 1 - Yakima 0
TOP OF THE 3RD
Salem Misfits batting - Pitching for Yakima Hops : RHP Jeff Seawright
Batting: RHB Atanza Vongor 0-0: Ball
1-0: Foul Ball, location: 2F
1-1: Ball
2-1: Swinging Strike
2-2: Strikes out swinging
Batting: RHB Kimi Okubo 0-0: Ball
1-0: Ball
2-0: Ball
3-0: Base on Balls
Batting: SHB Soren Loen 0-0: Called Strike
0-1: Fly out, F8 (Line Drive, 8RM)
Batting: LHB Bill Gracián 0-0: Ball
1-0: Ball
2-0: Ball
3-0: Base on Balls
Kimi Okubo to second
Batting: RHB Mariano Saelices 0-0: Ball
1-0: Ball
2-0: Ball
3-0: Called Strike
3-1: Foul Ball, location: 2F
3-2: Reached on error, E3 (Groundball, 34)
Kimi Okubo to third
Bill Gracián to second
Batting: RHB Charles Basle 0-0: Ball
1-0: Foul Ball, location: 2F
1-1: Ball
2-1: Foul Ball, location: 2F
2-2: Strikes out swinging
Top of the 3rd over - 0 runs, 0 hits, 1 error, 3 left on base; Salem 1 - Yakima 0
BOTTOM OF THE 3RD
Yakima Hops batting - Pitching for Salem Misfits : LHP Ollie McDaniell
Batting: SHB Zack Murphy 0-0: Ball
1-0: Called Strike
1-1: Fly out, F8 (Line Drive, 8RD)
Batting: RHB Miracle Crimes 0-0: SINGLE (Groundball, 34S) (infield hit)
Batting: RHB Bob Houghton 0-0: Called Strike
0-1: Ball
1-1: Called Strike
Miracle Crimes steals 2nd base
1-2: Ball
2-2: Ball
3-2: Ground out 5-3 (Groundball, 25)
Miracle Crimes to third
Batting: RHB Carlo Beedle 0-0: Foul Ball, location: 2F
0-1: Ball
1-1: Foul Ball, location: 2F
1-2: Foul Ball, location: 2F
1-2: Fly out, F3 (Flyball, 3D)
Bottom of the 3rd over - 0 runs, 1 hit, 0 errors, 1 left on base; Salem 1 - Yakima 0
TOP OF THE 4TH
Salem Misfits batting - Pitching for Yakima Hops : RHP Jeff Seawright
Batting: RHB Jean Couturier 0-0: Ball
1-0: Ball
2-0: Foul Ball, location: 2F
2-1: Ground out 5-3 (Groundball, 56S)
Batting: RHB Nelson Rivera 0-0: Ball
1-0: Called Strike
1-1: Ball
2-1: Foul Ball, location: 2F
2-2: Ground out 5-3 (Groundball, 56)
Batting: RHB Damon Newbold 0-0: Called Strike
0-1: Ground out 2-3 (Groundball, 15S)
Top of the 4th over - 0 runs, 0 hits, 0 errors, 0 left on base; Salem 1 - Yakima 0
BOTTOM OF THE 4TH
Yakima Hops batting - Pitching for Salem Misfits : LHP Ollie McDaniell
Batting: LHB Gustavo Deleón 0-0: Ball
1-0: Ground out 5-3 (Groundball, 5L)
Batting: RHB Vonne Navarrete 0-0: Fly out, F8 (Flyball, 89M)
Batting: RHB Luis León 0-0: Fly out, F7 (Flyball, 78S)
Bottom of the 4th over - 0 runs, 0 hits, 0 errors, 0 left on base; Salem 1 - Yakima 0
TOP OF THE 5TH
Salem Misfits batting - Pitching for Yakima Hops : RHP Jeff Seawright
Batting: RHB Atanza Vongor 0-0: Ball
1-0: Swinging Strike
1-1: Foul Ball, location: 2F
1-2: Ball
2-2: Strikes out swinging
Batting: RHB Kimi Okubo 0-0: Ball
1-0: Fly out, F9 (Flyball, 9S)
Batting: SHB Soren Loen 0-0: Ball
1-0: Ball
2-0: Fly out, F6 (Flyball, 6MD)
Top of the 5th over - 0 runs, 0 hits, 0 errors, 0 left on base; Salem 1 - Yakima 0
BOTTOM OF THE 5TH
Yakima Hops batting - Pitching for Salem Misfits : LHP Ollie McDaniell
Batting: LHB Wulf Paauwe 0-0: Called Strike
0-1: Ball
1-1: Ball
2-1: Ground out 4-3 (Groundball, 4)
Batting: RHB George Hubbard 0-0: Foul Ball, location: 2F
0-1: Called Strike
0-2: Foul Ball, location: 2F
0-2: Strikes out looking
Batting: SHB Zack Murphy 0-0: Ball
1-0: Called Strike
1-1: Ball
2-1: Called Strike
2-2: Strikes out swinging
Bottom of the 5th over - 0 runs, 0 hits, 0 errors, 0 left on base; Salem 1 - Yakima 0
TOP OF THE 6TH
Salem Misfits batting - Pitching for Yakima Hops : RHP Jeff Seawright
Batting: LHB Bill Gracián 0-0: Fly out, F8 (Flyball, 8RD)
Batting: RHB Mariano Saelices 0-0: Swinging Strike
0-1: Fly out, F9 (Flyball, 89D)
Batting: RHB Charles Basle 0-0: Fly out, F4 (Popup, 4S)
Top of the 6th over - 0 runs, 0 hits, 0 errors, 0 left on base; Salem 1 - Yakima 0
BOTTOM OF THE 6TH
Yakima Hops batting - Pitching for Salem Misfits : LHP Ollie McDaniell
Batting: RHB Miracle Crimes 0-0: Fly out, F7 (Flyball, 78M)
Batting: RHB Bob Houghton 0-0: Ball
1-0: Ball
2-0: Ground out 5-3 (Groundball, 5)
Batting: RHB Carlo Beedle 0-0: Called Strike
0-1: Swinging Strike
0-2: Ball
1-2: Ball
2-2: Ground out 4-3 (Groundball, 4)
Bottom of the 6th over - 0 runs, 0 hits, 0 errors, 0 left on base; Salem 1 - Yakima 0
TOP OF THE 7TH
Salem Misfits batting - Pitching for Yakima Hops : RHP Jeff Seawright
Batting: RHB Jean Couturier 0-0: Foul Ball, location: 2F
0-1: Foul Ball, location: 2F
0-2: Ball
1-2: Fly out, F5 (Popup, 5F)
Batting: RHB Nelson Rivera 0-0: Reached on error, E1 (Groundball, 15S)
Pinch Hitting: LHB Gary Malone 0-0: Intentional Walk
Pinch Hitting: LHB Pedro Reyes 0-0: Ball
1-0: Ground out 5-3 (Groundball, 56S)
Nelson Rivera to third
Gary Malone to second
Batting: RHB Kimi Okubo 0-0: Ball
1-0: Ball
2-0: Ground out 5-3 (Groundball, 56)
Top of the 7th over - 0 runs, 0 hits, 1 error, 2 left on base; Salem 1 - Yakima 0
BOTTOM OF THE 7TH
Yakima Hops batting - Pitching for Salem Misfits : LHP Ollie McDaniell
Now at 1B: Gary Malone
Now at 3B: Lu Tsai
Batting: LHB Gustavo Deleón 0-0: Foul Ball, location: 2F
0-1: Ball
1-1: SINGLE (Groundball, 6) (infield hit)
Batting: RHB Vonne Navarrete 0-0: Ball
1-0: Grounds into double play, 6-4-3 (Groundball, 6)
Batting: RHB Luis León 0-0: Ball
1-0: DOUBLE (Line Drive, 7LM)
Batting: LHB Wulf Paauwe 0-0: Ball
1-0: Ball
2-0: Foul Ball, location: 2F
2-1: SINGLE (Groundball, 4D)
Luis León to third
Runner from 3rd tries for Home, SAFE, no throw
Batting: RHB George Hubbard 0-0: Swinging Strike
0-1: Called Strike
0-2: Ball
1-2: Fly out, F7 (Flyball, 78S)
Bottom of the 7th over - 1 run, 3 hits, 0 errors, 1 left on base; Salem 1 - Yakima 1
TOP OF THE 8TH
Salem Misfits batting - Pitching for Yakima Hops : RHP Jeff Seawright
Batting: SHB Soren Loen 0-0: Ball
1-0: Fly out, F7 (Flyball, 78D)
Batting: LHB Bill Gracián 0-0: Foul Ball, location: 2F
0-1: Called Strike
0-2: Ball
1-2: Ball
2-2: Ground out U3 (Groundball, 3S)
Batting: RHB Mariano Saelices 0-0: Ball
1-0: Called Strike
1-1: Swinging Strike
1-2: Strikes out looking
Top of the 8th over - 0 runs, 0 hits, 0 errors, 0 left on base; Salem 1 - Yakima 1
BOTTOM OF THE 8TH
Yakima Hops batting - Pitching for Salem Misfits : LHP Ollie McDaniell
Batting: SHB Zack Murphy 0-0: Ball
1-0: Fly out, F9 (Flyball, 9)
Batting: RHB Miracle Crimes 0-0: Ball
1-0: Ground out 6-3 (Groundball, 6M)
Batting: RHB Bob Houghton 0-0: Called Strike
0-1: SINGLE (Groundball, 6) (infield hit)
Batting: RHB Carlo Beedle 0-0: Ball
1-0: Ball
2-0: Ball
3-0: Base on Balls
Bob Houghton to second
Batting: LHB Gustavo Deleón 0-0: Ball
1-0: Ball
2-0: Called Strike
2-1: Foul Ball, location: 2F
2-2: Strikes out swinging
Bottom of the 8th over - 0 runs, 1 hit, 0 errors, 2 left on base; Salem 1 - Yakima 1
TOP OF THE 9TH
Salem Misfits batting - Pitching for Yakima Hops : RHP Jeff Seawright
Pitching: RHP Pieter Spitsbaard
Batting: RHB Charles Basle 0-0: Ball
1-0: Foul Ball, location: 2F
1-1: Foul Ball, location: 2F
1-2: Strikes out swinging
Batting: RHB Jean Couturier 0-0: Called Strike
0-1: Foul Ball, location: 2F
0-2: Foul Ball, location: 2F
0-2: Ball
1-2: Foul Ball, location: 2F
1-2: Foul Ball, location: 2F
1-2: Foul Ball, location: 2F
1-2: Fly out, F6 (Line Drive, 56)
Batting: RHB Nelson Rivera 0-0: Called Strike
0-1: Ground out 4-3 (Groundball, 4S)
Top of the 9th over - 0 runs, 0 hits, 0 errors, 0 left on base; Salem 1 - Yakima 1
BOTTOM OF THE 9TH
Yakima Hops batting - Pitching for Salem Misfits : LHP Ollie McDaniell
Batting: RHB Vonne Navarrete 0-0: Ball
1-0: Fly out, F7 (Flyball, 7LDF)
Batting: RHB Luis León 0-0: Ball
1-0: Foul Ball, location: 2F
1-1: Fly out, F8 (Flyball, 8RM)
Batting: LHB Wulf Paauwe 0-0: Called Strike
0-1: Swinging Strike
0-2: Ball
1-2: SINGLE (Groundball, 25) (infield hit)
Pinch Runner at 1st Héctor Velázquez:
Batting: RHB George Hubbard 0-0: Called Strike
0-1: Ball
1-1: Foul Ball, location: 2F
1-2: Ball
2-2: Fielders Choice at 2nd, 5-4 (Groundball, 56)
Bottom of the 9th over - 0 runs, 1 hit, 0 errors, 1 left on base; Salem 1 - Yakima 1
TOP OF THE 10TH
Salem Misfits batting - Pitching for Yakima Hops : RHP Pieter Spitsbaard
Now at 1B: Héctor Velázquez
Batting: LHB Gary Malone 0-0: Ball
1-0: Ground out 4-3 (Groundball, 34)
Pinch Hitting: RHB Austin Case 0-0: Ball
1-0: Called Strike
1-1: Called Strike
1-2: Fly out, F9 (Flyball, 89M)
Batting: RHB Kimi Okubo 0-0: Called Strike
0-1: Ball
1-1: Ball
2-1: Foul Ball, location: 2F
2-2: Ball
3-2: DOUBLE (Groundball, 5L)
Batting: SHB Soren Loen 0-0: Called Strike
0-1: Ball
1-1: Fly out, F7 (Flyball, 7)
Top of the 10th over - 0 runs, 1 hit, 0 errors, 1 left on base; Salem 1 - Yakima 1
BOTTOM OF THE 10TH
Yakima Hops batting - Pitching for Salem Misfits : LHP Ollie McDaniell
Pitching: RHP Rauno Seales
Now at 3B: Owen Kieffer
Batting: SHB Zack Murphy 0-0: Ball
1-0: Ball
2-0: Called Strike
2-1: Ball
3-1: Ground out 6-3 (Groundball, 6)
Batting: RHB Miracle Crimes 0-0: Ball
1-0: Called Strike
1-1: Called Strike
1-2: Foul Ball, location: 2F
1-2: Strikes out looking
Batting: RHB Bob Houghton 0-0: Foul Ball, location: 2F
0-1: Ball
1-1: Ball
2-1: Foul Ball, location: 2F
2-2: Strikes out looking
Bottom of the 10th over - 0 runs, 0 hits, 0 errors, 0 left on base; Salem 1 - Yakima 1
TOP OF THE 11TH
Salem Misfits batting - Pitching for Yakima Hops : RHP Pieter Spitsbaard
Pitching: LHP Jorge Pliego
Batting: LHB Bill Gracián 0-0: Ball
1-0: Ball
2-0: Called Strike
2-1: Ball
3-1: Foul Ball, location: 2F
3-2: Base on Balls
Batting: RHB Mariano Saelices 0-0: Called Strike
0-1: Fielders Choice at 2nd, 6-4 (Groundball, 6)
Batting: RHB Charles Basle 0-0: Called Strike
0-1: Ball
1-1: Grounds into double play, 4-6-3 (Groundball, 4)
Top of the 11th over - 0 runs, 0 hits, 0 errors, 0 left on base; Salem 1 - Yakima 1
BOTTOM OF THE 11TH
Yakima Hops batting - Pitching for Salem Misfits : RHP Rauno Seales
Batting: RHB Carlo Beedle 0-0: Ball
1-0: Fly out, F8 (Flyball, 8LS)
Batting: LHB Gustavo Deleón 0-0: Ball
1-0: Foul Ball, location: 2F
1-1: Swinging Strike
1-2: Ball
2-2: Foul Ball, location: 2F
2-2: Ball
3-2: Ground out 3-1 (Groundball, 34S)
Batting: RHB Vonne Navarrete 0-0: Ground out 6-3 (Groundball, 6)
Bottom of the 11th over - 0 runs, 0 hits, 0 errors, 0 left on base; Salem 1 - Yakima 1
TOP OF THE 12TH
Salem Misfits batting - Pitching for Yakima Hops : LHP Jorge Pliego
Batting: RHB Jean Couturier 0-0: Ball
1-0: Fly out, F7 (Flyball, 7D)
Batting: RHB Nelson Rivera 0-0: Ball
1-0: Called Strike
1-1: Fly out, F7 (Flyball, 78D)
Batting: LHB Gary Malone 0-0: Called Strike
0-1: Called Strike
0-2: Ball
1-2: Ball
2-2: Strikes out looking
Top of the 12th over - 0 runs, 0 hits, 0 errors, 0 left on base; Salem 1 - Yakima 1
BOTTOM OF THE 12TH
Yakima Hops batting - Pitching for Salem Misfits : RHP Rauno Seales
Pitching: RHP Jagger Rusconi
Batting: RHB Luis León 0-0: Ball
1-0: Ball
2-0: Ball
3-0: Base on Balls
Batting: LHB Héctor Velázquez 0-0: Foul Ball, location: 2F
0-1: Ball
1-1: Ball
2-1: Ball
3-1: Base on Balls
Luis León to second
Batting: RHB George Hubbard 0-0: Sac Bunt - play at first, batter OUT! U3
Luis León to third
Héctor Velázquez to second
Batting: SHB Zack Murphy 0-0: Intentional Walk
Batting: RHB Miracle Crimes 0-0: SINGLE (Flyball, 9LM)
Luis León scores
Friday, March 29th, 2019 - OOTP Baseball 18.8 Build 76